[Event "*** Titled Tuesday Blitz"]
[Site "Chess.com"]
[Date "2018.08.07"]
[Round "1"]
[White "MITerryble"]
[Black "ChessicallyInclined"]
[Result "1-0"]
[WhiteElo "2756"]
[BlackElo "2370"]
[TimeControl "180+2"]
[EndTime "13:06:49 PDT"]
[Termination "MITerryble won by resignation"]

1. e4 e5 2. Nf3 Nc6 3. c3 Nf6 4. d4 Nxe4 5. d5 Bc5 6. dxc6 Bxf2+ 7. Ke2 Bb6 8. Qd5 Nf2 9. Qxe5+ Kf8 10. Rg1 dxc6 11.
Nd4 Ng4 12. Qf4 c5 13. Nf3 c4 14. Nd4 c5 15. Nb5 Qe8+ 16. Kd1 Qxb5 17. Bxc4 Qd7+ 18.
Bd2 Bc7 19. Qg5 Nf2+ 20. Kc1 Ne4 21. Qe3 Nxd2 22. Nxd2 Bd6 23. Rf1 f6 24. Ne4 Be7 25. Kc2 b5 26. Rad1 Qg4 27. Bd5 Rb8 28. Nxc5 Bf5+ 29.
Kc1 g6 30. h3 Qh5 31. g4 Bxg4 32. hxg4 Qxg4 33. Ne6+ Ke8 34. Rd4 Qh5 35. Ng7+ 1-0

[Event "*** Titled Tuesday Blitz"]
[Site "Chess.com"]
[Date "2018.08.07"]
[Round "1"]
[White "VeraNebolsina"]
[Black "Hrant_ChessMood"]
[Result "0-1"]
[WhiteElo "2414"]
[BlackElo "3000"]
[TimeControl "180+2"]
[EndTime "13:06:54 PDT"]
[Termination "Hrant_ChessMood won by resignation"]

1. Nf3 d5 2. g3 Nc6 3. Bg2 e5 4. d3 Nf6 5. O-O Be7 6. Nc3 d4 7. Nb1 O-O 8. Nbd2 Re8 9. Nc4 Bf8 10. a4 h6 11. a5 a6 12. c3 Bf5 13. Qb3 Rb8 14.
Bd2 Qd7 15. Rfe1 Bh7 16. Qa4 Rbd8 17. Qb3 Qc8 18. Qa4 Nd5 19. Rad1 dxc3 20. bxc3 e4 21. dxe4 Bxe4 22. Ne3 Nf6 23. Nh4 Bxg2 24. Kxg2 Ne4 25. Bc1 Rxd1 26. Qxd1 Nxc3 27. Qd3 Ne4 28. Rd1 Nxa5 29. Nef5 Nc6 30. Qf3 Qe6 31. Bf4 Ng5 32. Qg4 Qe4+ 33. Kg1 Qxe2 0-1

[Event "*** Titled Tuesday Blitz"]
[Site "Chess.com"]
[Date "2018.08.07"]
[Round "1"]
[White "bilelou"]
[Black "Alexander_Moskalenko"]
[Result "0-1"]
[WhiteElo "2397"]
[BlackElo "2834"]
[TimeControl "180+2"]
[EndTime "13:06:57 PDT"]
[Termination "Alexander_Moskalenko won by resignation"]

1. e4 c5 2. Nf3 d6 3. d4 cxd4 4. Nxd4 Nf6 5. Nc3 a6 6. h4 Nc6 7.
Bg5 e6 8. f3 Qb6 9. Nb3 h6 10.
Bd2 e5 11. Qe2 Nb4 12. O-O-O Be6 13. Kb1 h5 14. Be3 Qc7 15. a3 Nc6 16. Bg5 Be7 17.
Nd5 Bxd5 18. exd5 Na5 19. Nc1 Rc8 20. f4 Ng4 21. Bxe7 Qxe7 22. fxe5 Nxe5 23. Rh3 g6 24. Re3 O-O 25. g3 Nac4 26. Re4 f5 27. Red4 Rfe8 28. Ka2 b5 29. b3 Nb6 30. Bg2 Nbd7 31. Qd2 Nf6 32.
Ne2 Nc4 33. bxc4 Qxe2 34. Bf1 Qxd2 35. R1xd2 Ne4 36. Rg2 bxc4 37. Bxc4 Nc5 38. Bb3 a5 39. Ba4 Re3 40. Bc6 Kf7 41. Rc4 Rb8 42. a4 Kf6 43. Rd2 Ne4 44. Rd3 0-1

[Event "*** Titled Tuesday Blitz"]
[Site "Chess.com"]
[Date "2018.08.07"]
[Round "1"]
[White "Drags95"]
[Black "orrbaverlekszarnyon"]
[Result "1-0"]
[WhiteElo "2618"]
[BlackElo "2262"]
[TimeControl "180+2"]
[EndTime "13:07:08 PDT"]
[Termination "Drags95 won by checkmate"]

1. e4 c5 2. Nf3 d6 3. d4 cxd4 4. Nxd4 Nf6 5. Nc3 g6 6. Be3 Bg7 7. f3 O-O 8. Qd2 Nc6 9. O-O-O d5 10. exd5 Nxd5 11. Nxc6 bxc6 12. Bd4 e5 13. Bc5 Be6 14. Ne4 Re8 15. h4 a5 16. h5 Nb4 17. a3 Qxd2+ 18.
Rxd2 Bh6 19. axb4 axb4 20. b3 Ra1+ 21. Kb2 Rea8 22. Bxb4 Bxd2 23. Nxd2 R8a2+ 24. Kc3 Rc1 25. hxg6 hxg6 26. Ne4 Raa1 27. Be7 f5 28. Nd2 Ra2 29.
Bg5 Rcxc2+ 30. Kd3 f4 31. Ne4 Bxb3 32. Nf6+ Kf7 33.
Ke4 Bd5+ 34. Kxe5 Ra1 35. Rh7+ Kf8 36. Bh6# 1-0

[Event "*** Titled Tuesday Blitz"]
[Site "Chess.com"]
[Date "2018.08.07"]
[Round "1"]
[White "m3alam"]
[Black "Baggio95"]
[Result "1-0"]
[WhiteElo "2167"]
[BlackElo "2480"]
[TimeControl "180+2"]
[EndTime "13:07:09 PDT"]
[Termination "m3alam won by resignation"]

1. d4 Nf6 2. Nf3 c5 3. d5 b5 4. Bg5 Qb6 5. e3 a6 6. a4 bxa4 7. Bxf6 Qxf6 8. Nc3 g6 9. Nxa4 Bg7 10. Bc4 O-O 11. O-O Bb7 12. Nxc5 Qb6 13. Na4 Qc7 14. Be2 d6 15. Qd2 Nd7 16. c4 a5 17. Nd4 Rfb8 18.
Rfb1 Rc8 19. Nb5 Qd8 20. Ra3 Ba6 21. b3 Bxb5 22. cxb5 Nb6 23. Ra2 Ra7 24. Rc1 Rxc1+ 25. Qxc1 Nxd5 26. Rc2 Ra8 27. Bf3 e6 28. Bxd5 exd5 29.
b6 Rb8 30. b7 d4 31. Rc8 1-0

[Event "*** Titled Tuesday Blitz"]
[Site "Chess.com"]
[Date "2018.08.07"]
[Round "1"]
[White "FairChess_on_YouTube"]
[Black "Mikhail_Golubev"]
[Result "1-0"]
[WhiteElo "2964"]
[BlackElo "2413"]
[TimeControl "180+2"]
[EndTime "13:07:15 PDT"]
[Termination "FairChess_on_YouTube won by resignation"]

1. d4 Nf6 2. Bg5 c5 3. d5 d6 4.
Nc3 Nbd7 5. e4 g6 6. Qd2 h6 7.
Bf4 Bg7 8. Be2 a6 9. a4 Qb6 10. Ra2 Qb4 11. f3 Nh5 12. Be3 Bd4 13. Nd1 Bxe3 14. Nxe3 Qxd2+ 15. Kxd2 Ne5 16. g3 Nf6 17. a5 h5 18. h4 Bd7 19. Nh3 Kf8 20. Nf2 Kg7 21. Rb1 Rac8 22. c4 Rc7 23. b4 cxb4 24. Rxb4 Rhc8 25. Rab2 Rb8 26. f4 Neg4 27. Bxg4 Nxg4 28.
Nfxg4 Bxg4 29. Kd3 Bc8 30. Kd4 Rc5 31. Ra2 Bd7 32.
Rb6 Kf8 33. e5 Ke8 34. exd6 exd6 35. Rxd6 Rbc8 36. Rb6 R5c7 37. Rab2 Kd8 38. Rxb7 Rc5 39. Ra2 Ke7 40. Ra7 R5c7 41. Rxa6 Rb8 42. d6+ 1-0

[Event "*** Titled Tuesday Blitz"]
[Site "Chess.com"]
[Date "2018.08.07"]
[Round "1"]
[White "promen1999"]
[Black "Indianlad"]
[Result "0-1"]
[WhiteElo "2368"]
[BlackElo "2757"]
[TimeControl "180+2"]
[EndTime "13:07:18 PDT"]
[Termination "Indianlad won by resignation"]

1. e4 c6 2. d4 d5 3. e5 Bf5 4.
Nf3 e6 5. Be2 Ne7 6. O-O c5 7. c3 Nec6 8. Be3 Nd7 9. Ne1 cxd4 10. cxd4 Qb6 11. Qd2 Bb4 12. Nc3 Ndxe5 13. dxe5 d4 14.
Bxd4 Qxd4 15. Qxd4 Nxd4 16. Bd3 Bxd3 17. Nxd3 Bxc3 18. bxc3 Ne2+ 19. Kh1 Nxc3 20. Rfc1 Nd5 21. Nc5 b6 22. Ne4 Ke7 23. g3 f6 24. f4 fxe5 25.
fxe5 Rac8 26. Nd6 Rxc1+ 27. Rxc1 Rf8 28. Kg1 Kd7 29. a4 Rf3 30. Rc8 Ne3 31. Rc1 Nd5 32. Rc8 Re3 33. Ra8 Rxe5 34. Nb5 a5 35. Ra7+ Kc6 36.
Rxg7 Re4 37. Rxh7 Rxa4 38. Na7+ Kc5 39. h4 Ra1+ 40. Kh2 a4 41. h5 a3 42. Nc8 Nf6 43. Rc7+ Kb5 44. Nd6+ Ka6 45. Rc4 b5 46. Rc6+ Ka5 47.
Rc8 a2 48. Ra8+ Kb6 49. g4 Nxg4+ 50. Kg3 Rg1+ 0-1

[Event "*** Titled Tuesday Blitz"]
[Site "Chess.com"]
[Date "2018.08.07"]
[Round "1"]
[White "BilodeauA"]
[Black "muran29"]
[Result "1-0"]
[WhiteElo "2722"]
[BlackElo "2337"]
[TimeControl "180+2"]
[EndTime "13:07:18 PDT"]
[Termination "BilodeauA won by resignation"]

1. e4 c6 2. d4 d5 3. exd5 cxd5 4. Bd3 Nc6 5. c3 Nf6 6. h3 e5 7. dxe5 Nxe5 8. Nf3 Nxd3+ 9. Qxd3 Be7 10. O-O O-O 11. Bg5 h6 12. Bh4 Be6 13. Nbd2 Rc8 14. Nd4 Bd7 15. Rfe1 Re8 16. Re3 Nh5 17. Bxe7 Rxe7 18. Rae1 Nf4 19. Qb1 Rxe3 20. Rxe3 Qg5 21. Rg3 Nxh3+ 22.
gxh3 Qxd2 23. Nf3 Qf4 24. Qd3 Qe4 25. Qd2 Kh8 26. Qd4 Qxd4 27. Nxd4 Re8 28. Kg2 Re1 29. Rd3 Rb1 30. b4 Rb2 31. Re3 Rxa2 32. Re7 Be6 33. Rxb7 Ra3 34. Nb5 Ra2 35. Rxa7 Bf5 36. Rxa2 Be4+ 37. Kg3 1-0

[Event "*** Titled Tuesday Blitz"]
[Site "Chess.com"]
[Date "2018.08.07"]
[Round "1"]
[White "eljanov"]
[Black "nickmatta"]
[Result "1-0"]
[WhiteElo "2654"]
[BlackElo "2287"]
[TimeControl "180+2"]
[EndTime "13:07:18 PDT"]
[Termination "eljanov won by resignation"]

1. d4 Nf6 2. c4 g6 3. Nc3 d5 4.
cxd5 Nxd5 5. Bd2 Bg7 6. e4 Nb6 7. Be3 O-O 8. h3 Nc6 9. Nf3 f5 10. e5 f4 11. Bc1 Be6 12. Bb5 Nb4 13. O-O c6 14. Be2 Qd7 15. Ne4 Bf5 16. Nc5 Qc8 17. Bd2 N4d5 18. b4 h6 19. a4 Kh7 20. Rc1 Rd8 21. Qb3 Nd7 22. b5 Nxc5 23. Rxc5 Qe6 24. Bc4 Be4 25. Re1 Bxf3 26. Qxf3 g5 27. bxc6 bxc6 28. Rc1 Rac8 29. Bd3+ Kh8 30. Qe4 Kg8 31. Qh7+ Kf8 32. Bf5 Qf7 33. Bxc8 Rxc8 34. Rxc6 Rxc6 35. Rxc6 Nb6 36. a5 Qd5 37. Rg6 1-0

[Event "*** Titled Tuesday Blitz"]
[Site "Chess.com"]
[Date "2018.08.07"]
[Round "1"]
[White "krzysztofszczurek"]
[Black "penguingm1"]
[Result "0-1"]
[WhiteElo "2392"]
[BlackElo "2823"]
[TimeControl "180+2"]
[EndTime "13:07:19 PDT"]
[Termination "penguingm1 won by checkmate"]

1. e4 e5 2. Nf3 Nc6 3. Bc4 Bc5 4. c3 Nf6 5. d3 a6 6. Bb3 Ba7 7. Nbd2 d6 8. Nf1 Be6 9. Bc2 d5 10. Qe2 O-O 11. Ng3 Re8 12. O-O b5 13. Bg5 h6 14.
Bh4 Bc5 15. Nh5 Be7 16. Nxf6+ Bxf6 17. Bxf6 Qxf6 18. exd5 Bxd5 19. Nd2 Rad8 20. Bb3 Qg6 21. Nf3 e4 22. dxe4 Bxe4 23. Rfe1 Kf8 24. Kh1 Qg4 25. h3 Qf4 26. Qe3 Qf5 27. Rad1 Bxf3 28. Rxd8 Qxh3+ 29. Kg1 Qxg2# 0-1

[Event "*** Titled Tuesday Blitz"]
[Site "Chess.com"]
[Date "2018.08.07"]
[Round "1"]
[White "hypert"]
[Black "platy3"]
[Result "0-1"]
[WhiteElo "2343"]
[BlackElo "2724"]
[TimeControl "180+2"]
[EndTime "13:07:24 PDT"]
[Termination "platy3 won by resignation"]

1. e4 c5 2. Nf3 Nc6 3. Bb5 e6 4. O-O Nge7 5. c3 d5 6. e5 a6 7. Ba4 b5 8. Bc2 Ng6 9. d4 Be7 10. g3 Bd7 11. a3 cxd4 12. cxd4 Rc8 13. Nc3 Na5 14. Ne2 Nc4 15. b3 Na5 16. Bd3 Qb6 17. Bd2 Nc6 18. h4 h6 19. Kg2 Nf8 20. h5 Nh7 21.
Be3 a5 22. Qb1 Ng5 23. Nd2 b4 24. a4 f5 25. f4 Ne4 26. Nxe4 dxe4 27. Bc4 Nd8 28.
Bg1 Qb7 29. Qb2 Bc6 30. Be3 Bd5 31. Rac1 Kf7 32. Bb5 Rxc1 33. Rxc1 Nc6 34. Bc4 Nb8 35. Bxd5 Qxd5 36. Qc2 Rd8 37. Qc4 Qxc4 38. Rxc4 Rd7 39. g4 fxg4 40. Ng3 g6 41. hxg6+ Kxg6 42. Nxe4 h5 43. Kg3 Kf5 44. Ng5 Bxg5 45. fxg5 Rh7 46. Rc8 h4+ 47. Kh2 Nd7 48. Rf8+ Ke4 49. Bg1 Nxf8 0-1

[Event "*** Titled Tuesday Blitz"]
[Site "Chess.com"]
[Date "2018.08.07"]
[Round "1"]
[White "JonahWillow"]
[Black "FearNoEvil12"]
[Result "1-0"]
[WhiteElo "2452"]
[BlackElo "1949"]
[TimeControl "180+2"]
[EndTime "13:07:24 PDT"]
[Termination "JonahWillow won by resignation"]

1. e4 a6 2. d4 b5 3. a4 b4 4.
c3 e6 5. Nf3 Bb7 6. Bd3 Nf6 7.
e5 Ng8 8. O-O h6 9. Qe2 bxc3 10.
Nxc3 Nc6 11. Be4 Rb8 12. Rd1 Nge7 13. Bf4 g5 14. Bg3 Rg8 15. d5 exd5 16. Bxd5 Nxd5 17. Nxd5 Be7 18. e6 d6 19. exf7+ Kxf7 20. Re1 Bf6 21. Qe6+ Kg7 22. Rac1 Rf8 23. b4 Bc8 24. Qe4 Ne5 25.
Rxc7+ Rf7 26. Rxf7+ Nxf7 27. Nd4 Ne5 28. Bxe5 dxe5 29.
Nc6 Qd6 30. Nxb8 Qxb8 31. Nxf6 Kxf6 32. Qc6+ Be6 33. b5 axb5 34. axb5 Qa7 35. Qf3+ Ke7 36.
Qe3 Qxe3 37. Rxe3 Kd6 38. b6 Bc8 39. Rc3 Bb7 40. f3 g4 41. Kf2 gxf3 42. gxf3 e4 43. fxe4 Bxe4 44. Ke3 Bb7 45. Kd4 h5 46. Rh3 Kc6 47.
Rxh5 Kxb6 48. h4 Kc7 49. Rh7+ Kc6 50. h5 Bc8 51. h6 Bf5 52. Rf7 1-0

[Event "*** Titled Tuesday Blitz"]
[Site "Chess.com"]
[Date "2018.08.07"]
[Round "1"]
[White "MaxLeto"]
[Black "wonderfultime"]
[Result "0-1"]
[WhiteElo "2399"]
[BlackElo "2837"]
[TimeControl "180+2"]
[EndTime "13:07:26 PDT"]
[Termination "wonderfultime won on time"]

1. d4 e6 2. Bf4 Nf6 3. e3 c5 4. c3 d5 5. Nd2 Bd6 6. Bg3 O-O 7.
Bd3 Qc7 8. Ngf3 Nbd7 9. Qe2 e5 10. dxe5 Nxe5 11. Nxe5 Bxe5 12. Nf3 Bd6 13. O-O-O Re8 14. Qc2 Bd7 15. Bh4 Ne4 16. Ng5 Nxg5 17. Bxg5 h6 18.
Bh4 Be6 19. h3 b5 20. Bxb5 Reb8 21. Be2 Qa5 22. Kb1 Rb6 23. Ka1 Rab8 24. Rb1 d4 25.
c4 dxe3 26. fxe3 Be5 27. Be1 Rxb2 28. Rxb2 Rxb2 29. Qxb2 Qa3 0-1

[Event "*** Titled Tuesday Blitz"]
[Site "Chess.com"]
[Date "2018.08.07"]
[Round "1"]
[White "Keranke"]
[Black "djano"]
[Result "1-0"]
[WhiteElo "2833"]
[BlackElo "2393"]
[TimeControl "180+2"]
[EndTime "13:07:29 PDT"]
[Termination "Keranke won by resignation"]

1. d4 Nf6 2. Bf4 g6 3. Nf3 Bg7 4. h3 O-O 5. e3 d6 6. Be2 b6 7. O-O Bb7 8. a4 a5 9. Na3 Nbd7 10. c3 Ne4 11. Bh2 f5 12. Qb3+ Kh8 13.
Rfd1 Qe8 14. Nb5 Rc8 15. Qc4 c6 16. Na3 g5 17. Nd2 Ndf6 18. Nxe4 Nxe4 19. Qb3 f4 20. f3 Ng3 21. Bxg3 fxg3 22. Qxb6 Rb8 23. Qxa5 Qg6 24. Nc4 Qe6 25. Qxg5 Ba6 26. d5 cxd5 27. Qxd5 Bxc4 28. Bxc4 Qxe3+ 29. Kh1 Rxb2 30. Ra2 Qxc3 31. Rxb2 Qxb2 32. a5 Qa3 33. a6 Be5 34. Qb7 Qa4 35.
Bb3 Qa3 36. a7 Kg7 37. Qxe7+ Kg6 38. Bc2+ 1-0

[Event "*** Titled Tuesday Blitz"]
[Site "Chess.com"]
[Date "2018.08.07"]
[Round "1"]
[White "CookiesAndIceCream"]
[Black "GMMelik"]
[Result "0-1"]
[WhiteElo "2250"]
[BlackElo "2600"]
[TimeControl "180+2"]
[EndTime "13:07:38 PDT"]
[Termination "GMMelik won by resignation"]

1. e4 e5 2. Nf3 Nc6 3. Nc3 Nf6 4. Bb5 Bd6 5. O-O O-O 6. d3 a6 7. Bc4 Na5 8. Bb3 Nxb3 9. axb3 h6 10. d4 exd4 11.
Qxd4 Nh7 12. e5 Be7 13. Bf4 Ng5 14. Nxg5 Bxg5 15. Bg3 f5 16. f4 Be7 17. Nd5 Kh7 18. Rad1 b6 19. Nxe7 Qxe7 20. Rfe1 Qe6 21. Kh1 Rf7 22.
Qc3 Ra7 23. Rd2 Bb7 24. Red1 Bc6 25. h3 a5 26. Bf2 Ra8 27. Qc4 Re8 28. Qe2 Qg6 29.
Bg1 Ree7 30. Qc4 Qg3 31. Qc3 Qxf4 32. Bd4 Qh4 33. Rf2 f4 34. Kh2 Re6 35. Rdf1 Rg6 36. Qd3 Qg3+ 37. Kg1 f3 38. Re1 fxg2 39. Qxg3 Rxg3 40.
e6 Rxf2 41. Kxf2 Rf3+ 42. Kxg2 Rd3+ 43. Kf2 Rxd4 44. e7 d6 45. e8=Q Bxe8 46. Rxe8 Rd2+ 0-1

[Event "*** Titled Tuesday Blitz"]
[Site "Chess.com"]
[Date "2018.08.07"]
[Round "1"]
[White "Antifish7"]
[Black "indfraeng"]
[Result "0-1"]
[WhiteElo "2406"]
[BlackElo "1894"]
[TimeControl "180+2"]
[EndTime "13:07:39 PDT"]
[Termination "indfraeng won by resignation"]

1. e4 e5 2. Nf3 Nf6 3. Nxe5 d6 4. Nf3 Nxe4 5. d4 d5 6. Bd3 Bf5 7. O-O Be7 8. c4 dxc4 9. Bxc4 O-O 10. Nc3 Nf6 11.
Qb3 b6 12. Ne5 Bg6 13. Rd1 c6 14. Bg5 Qc7 15. Rac1 Nbd7 16. Nb5 Qb7 17. Nc3 Rac8 18.
h4 Bh5 19. g4 Nxe5 20. Bxf6 Nxg4 21. Be5 Bxh4 22. Ne4 c5 23. Bd5 Qd7 24. dxc5 Nxe5 25. Nd6 Bxd1 26. Rxd1 Qg4+ 27. Kf1 Qf4 28. Qc2 Rxc5 29.
Qe2 Ng4 30. Nxf7 Ne3+ 31. Ke1 Rxf7 32. Bxf7+ Kxf7 33. Rd7+ Ke8 34. Rd3 Re5 0-1

[Event "*** Titled Tuesday Blitz"]
[Site "Chess.com"]
[Date "2018.08.07"]
[Round "1"]
[White "Angry_Twin"]
[Black "FrenchandSlav"]
[Result "1-0"]
[WhiteElo "2632"]
[BlackElo "2282"]
[TimeControl "180+2"]
[EndTime "13:07:42 PDT"]
[Termination "Angry_Twin won by checkmate"]

1. d4 Nf6 2. c4 e6 3. Nf3 d5 4.
Nc3 dxc4 5. e4 Bb4 6. Bxc4 Nxe4 7. O-O Nf6 8. Qa4+ Nc6 9. Ne5 Rb8 10. Nxc6 bxc6 11.
Qxc6+ Qd7 12. Qf3 O-O 13. Rd1 Bb7 14. Qg3 Rfd8 15. Bg5 Be7 16. Bb3 Ne4 17. Nxe4 Bxe4 18. Rac1 Bxg5 19. Qxg5 c6 20. Rc3 Rb5 21. Qd2 Bd5 22.
Ba4 Rb6 23. Rc5 Bxa2 24. h4 Bb3 25. Bxb3 Rxb3 26. Qc2 Rb6 27. h5 h6 28. b4 Rxb4 29. d5 cxd5 30. Rc7 Qe8 31. Rxa7 Rc4 32. Qb3 Rdc8 33.
Qa3 Qf8 34. Qe3 Qc5 35. Qxc5 R4xc5 36. Rd3 R5c7 37. Ra6 Rd7 38. g4 Rc4 39. f3 Rb7 40. Kg2 Rc2+ 41. Kg3 Rbb2 42. Ra8+ Kh7 43. Kf4 Rc4+ 44.
Ke5 Re2+ 45. Kd6 Rf4 46. Rb3 Rf2 47. Rbb8 g5 48. Rh8+ Kg7 49. Rag8+ Kf6 50. Rxh6# 1-0

[Event "*** Titled Tuesday Blitz"]
[Site "Chess.com"]
[Date "2018.08.07"]
[Round "1"]
[White "Cocaino74"]
[Black "NikolaGry"]
[Result "0-1"]
[WhiteElo "2208"]
[BlackElo "2521"]
[TimeControl "180+2"]
[EndTime "13:07:42 PDT"]
[Termination "NikolaGry won by resignation"]

1. e4 c5 2. Nf3 Nf6 3. e5 Nd5 4. Nc3 e6 5. Nxd5 exd5 6. d4 Nc6 7.
dxc5 Bxc5 8. Qxd5 d6 9. exd6 Qb6 10. Qe4+ Be6 11. Qh4 Qb4+ 12. Qxb4 Nxb4 13. Bb5+ Kf8 14. O-O Nxc2 15. Bg5 Nxa1 16. Be7+ Kg8 17. Rxa1 f6 18.
Rc1 Bb6 19. Nd2 Kf7 20. b3 Rac8 21. Nc4 a6 22. d7 Kxe7 23. dxc8=Q Rxc8 24. Ba4 Ba7 25.
Re1 b5 26. Ne3 Kf7 27. Bxb5 axb5 0-1

[Event "*** Titled Tuesday Blitz"]
[Site "Chess.com"]
[Date "2018.08.07"]
[Round "1"]
[White "advantageLucy"]
[Black "norwaytoadog"]
[Result "1-0"]
[WhiteElo "2491"]
[BlackElo "2132"]
[TimeControl "180+2"]
[EndTime "13:07:44 PDT"]
[Termination "advantageLucy won by checkmate"]

1. e4 e5 2. Nf3 Nc6 3. Bc4 Nf6 4.
Ng5 d5 5. exd5 Na5 6. Bb5+ c6 7.
dxc6 bxc6 8. Be2 h6 9. Nh3 Bc5 10. d3 O-O 11. O-O Bf5 12. Bd2 Nb7 13. Nc3 Qd7 14.
Bf3 Bxh3 15. gxh3 Qxh3 16. Kh1 Nd6 17. Be3 Bd4 18. Rg1 Nf5 19. Bxd4 exd4 20. Ne4 Nxe4 21.
Bxe4 Nd6 22. Rg3 Qh4 23. Bxc6 Rac8 24. Qf3 Kh8 25. Rag1 Rg8 26. c3 dxc3 27. bxc3 Qe7 28. c4 Qc7 29. Bd5 Qe7 30. Qf4 Ne8 31. Re3 Qf6 32. Qxf6 Nxf6 33. Bxf7 Rgd8 34. Bg6 Rd4 35. Rge1 Ng4 36. Re8+ Rxe8 37. Rxe8# 1-0

[Event "*** Titled Tuesday Blitz"]
[Site "Chess.com"]
[Date "2018.08.07"]
[Round "1"]
[White "Oleksandr_Bortnyk"]
[Black "BlackBoarder"]
[Result "1-0"]
[WhiteElo "2760"]
[BlackElo "2374"]
[TimeControl "180+2"]
[EndTime "13:07:45 PDT"]
[Termination "Oleksandr_Bortnyk won by resignation"]

1. d4 Nf6 2. Nc3 d5 3. Bf4 e6 4. Nb5 Na6 5. e3 c6 6. Nc3 Be7 7. Bxa6 bxa6 8. Nf3 O-O 9. O-O Nh5 10. Ne5 Nxf4 11.
Nxc6 Nh3+ 12. gxh3 Qc7 13. Nxe7+ Qxe7 14. Qf3 Rb8 15.
Rab1 Bd7 16. Qg3 Rfc8 17. h4 h6 18. Rfe1 Bc6 19. Ne2 Rb7 20. Nf4 Rcb8 21. b3 Be8 22. Nd3 Rc8 23. Nc5 Rxc5 24. dxc5 Qxc5 25. c4 dxc4 26. bxc4 Rxb1 27. Rxb1 Bc6 28. Qf4 f6 29. h3 Kh7 30. Kh2 Qh5 31. Rg1 Qf7 32. a3 Ba8 33. c5 Qb7 34. Qg4 Qf7 35. h5 Kg8 36. Qf4 Bb7 37. Qxh6 Qc7+ 38. Qf4 Qxc5 39.
h6 g5 40. Qxf6 Qc7+ 41. Rg3 Kh7 42. Qxg5 1-0

[Event "*** Titled Tuesday Blitz"]
[Site "Chess.com"]
[Date "2018.08.07"]
[Round "1"]
[White "dereito"]
[Black "Divertissement"]
[Result "0-1"]
[WhiteElo "2207"]
[BlackElo "2566"]
[TimeControl "180+2"]
[EndTime "13:07:46 PDT"]
[Termination "Divertissement won by resignation"]

1. d4 Nf6 2. Bf4 d5 3. e3 c5 4. c3 Nc6 5. Nd2 e6 6. Ngf3 Nh5 7. Bg5 Qc7 8. g4 Nf6 9. Bf4 Bd6 10. g5 Nd7 11. Bg3 b6 12. Bb5 Bb7 13. Qe2 a6 14. Ba4 b5 15. Bc2 e5 16. dxe5 Ndxe5 17. e4 d4 18.
Nxe5 Bxe5 19. Bxe5 Qxe5 20. Nf3 Qf4 21. Rd1 O-O-O 22.
cxd4 cxd4 23. Qd2 Qxf3 24. Rg1 Rhe8 25. Rg3 Qh1+ 26. Ke2 Qxh2 27. Qf4 Qh5+ 28. f3 Ne5 29. Kd2 Qh2+ 30. Kc1 d3 31. Bb3 Rd7 32. Kb1 Rc7 33.
a3 Qe2 34. Rd2 Qe1+ 35. Ka2 Rc1 36. Qf5+ Kb8 37. Rd1 Rxd1 38. Bxd1 Qxg3 39. f4 Qe3 40.
fxe5 Qxe4 41. Qf2 Qxe5 42. Bb3 Rd8 43. Qxf7 d2 44. Qf3 0-1

[Event "*** Titled Tuesday Blitz"]
[Site "Chess.com"]
[Date "2018.08.07"]
[Round "1"]
[White "JozefKneht"]
[Black "hansen"]
[Result "1-0"]
[WhiteElo "2311"]
[BlackElo "2644"]
[TimeControl "180+2"]
[EndTime "13:07:49 PDT"]
[Termination "JozefKneht won by checkmate"]

1. e4 c5 2. Nf3 d6 3. d4 cxd4 4. Nxd4 Nf6 5. Nc3 a6 6. Bg5 Nbd7 7. f4 h6 8. Bxf6 Nxf6 9. e5 dxe5 10. fxe5 Nd5 11.
Ndb5 e6 12. Nxd5 exd5 13. Qxd5 Be6 14. Qxd8+ Rxd8 15. Nc7+ Ke7 16. Nxe6 fxe6 17. Bc4 g5 18. O-O Bg7 19. Rae1 Rc8 20. Bb3 Rc5 21. Re2 Rxe5 22.
Rfe1 Rxe2 23. Rxe2 Bd4+ 24. Kf1 Rf8+ 25. Ke1 Rf6 26. c3 Bg1 27. g3 b5 28. Rg2 Be3 29.
Re2 Bg1 30. Rg2 Bc5 31. Re2 Kd6 32. a4 b4 33. Kd2 a5 34. Bc4 g4 35. Kd3 h5 36. cxb4 Bxb4 37. b3 e5 38. Ke4 Bc3 39. Rc2 Bd4 40. Bd5 Rf3 41. Rc6+ Kd7 42. Rh6 Re3+ 43. Kf5 Ke7 44. Rxh5 Kd6 45. Be4 Rxb3 46. Kxg4 Rb4 47. Rh6+ Ke7 48. Kf5 Rxa4 49. Re6+ Kf8 50. Ra6 Ra2 51. h4 a4 52. g4 a3 53. Ke6 Re2 54. Bd5 Bc5 55. g5 e4 56. h5 Rg2 57.
h6 Kg8 58. Ra8+ Kh7 59. Bxe4# 1-0

[Event "*** Titled Tuesday Blitz"]
[Site "Chess.com"]
[Date "2018.08.07"]
[Round "1"]
[White "Makalexa"]
[Black "oskariot"]
[Result "0-1"]
[WhiteElo "2050"]
[BlackElo "2460"]
[TimeControl "180+2"]
[EndTime "13:07:53 PDT"]
[Termination "oskariot won by checkmate"]

1. e4 c5 2. Nf3 d6 3. d4 cxd4 4.
Nxd4 Nf6 5. Nc3 Nbd7 6. Bc4 e6 7.
O-O Be7 8. Bxe6 fxe6 9. Nxe6 Qa5 10. Nxg7+ Kf7 11. Nf5 Ne5 12. Nxe7 Kxe7 13. Bd2 Qc5 14.
Be3 Qc4 15. Bg5 Be6 16. f4 Qc5+ 17. Kh1 Ng4 18. f5 Nf2+ 19. Rxf2 Qxf2 20. fxe6 Rhg8 21.
Nd5+ Kxe6 22. Nf4+ Kd7 23. Bxf6 Qxf4 24. e5 Rae8 25. Qxd6+ Kc8 26. Rg1 Qe4 27. h3 Rg3 28. Kh2 Reg8 29. Qc5+ Kb8 30. Qf2 h5 31. Be7 Qxe5 32.
Re1 Rxg2+ 33. Kh1 Qh2# 0-1

[Event "*** Titled Tuesday Blitz"]
[Site "Chess.com"]
[Date "2018.08.07"]
[Round "1"]
[White "nOcHeaTiNgKiD"]
[Black "OK97"]
[Result "1-0"]
[WhiteElo "2379"]
[BlackElo "2738"]
[TimeControl "180+2"]
[EndTime "13:07:54 PDT"]
[Termination "nOcHeaTiNgKiD won by resignation"]

1. Nf3 d5 2. d4 Bf5 3. c4 e6 4.
Nc3 Nf6 5. Bf4 Bb4 6. e3 O-O 7. Bd3 Ne4 8. Rc1 dxc4 9. Bxc4 Nxc3 10. bxc3 Ba3 11. O-O Bxc1 12. Qxc1 Nd7 13. Be2 h6 14. h3 Re8 15. c4 c5 16. Qb2 b6 17. Rd1 Qe7 18. Ne5 Nxe5 19. Bxe5 f6 20. Bg3 Rad8 21.
d5 exd5 22. cxd5 Be4 23. Bc4 Kh8 24. f3 Bg6 25. e4 Qf8 26. Bb5 Re7 27. d6 Rf7 28.
Qd2 Rfd7 29. Bxd7 Rxd7 30. Qd5 Qf7 31. Qc6 Qe6 32. a4 Bf7 33. Kh2 c4 34. f4 Qe8 35.
e5 fxe5 36. fxe5 Be6 37. Rf1 Qg6 38. Qc8+ Kh7 39. Rf8 Qe4 40. Rh8+ Kg6 41. Qe8+ Bf7 42. Qxd7 Bd5 43. Qg4+ Qxg4 44. hxg4 1-0

[Event "*** Titled Tuesday Blitz"]
[Site "Chess.com"]
[Date "2018.08.07"]
[Round "1"]
[White "ShimanovAlex"]
[Black "jposthuma"]
[Result "1-0"]
[WhiteElo "2766"]
[BlackElo "2379"]
[TimeControl "180+2"]
[EndTime "13:07:57 PDT"]
[Termination "ShimanovAlex won by resignation"]

1. d4 Nf6 2. Nf3 c5 3. c3 g6 4. dxc5 Bg7 5. Nbd2 O-O 6. g3 Na6 7. Nb3 Qc7 8. Bf4 Qc6 9. Bg2 Nxc5 10. O-O d6 11. Ne1 Qb6 12. Nd3 Be6 13. Nd4 Bd5 14. Be3 Bxg2 15. Kxg2 Nd5 16. Bc1 Rac8 17. Nb3 Qc6 18.
Kg1 Nb6 19. Nb4 Qe4 20. Re1 Nc4 21. Nd2 Qe6 22. Nxc4 Qxc4 23. Nd5 Rfe8 24. Bg5 Qe4 25. f3 Qe6 26. e4 h6 27. Be3 b6 28. Qd2 Kh7 29.
Rad1 Nd7 30. Kg2 Ne5 31. b3 f5 32. Bf4 fxe4 33. Rxe4 Qf7 34. c4 Nd7 35. Rde1 e5 36. Be3 Nf6 37. Rh4 Nxd5 38. Bxh6 Nf6 39. Bxg7+ Nh5 40. Qh6+ 1-0

[Event "*** Titled Tuesday Blitz"]
[Site "Chess.com"]
[Date "2018.08.07"]
[Round "1"]
[White "Zhuu96"]
[Black "NormWeinstein"]
[Result "1-0"]
[WhiteElo "2840"]
[BlackElo "2402"]
[TimeControl "180+2"]
[EndTime "13:08:00 PDT"]
[Termination "Zhuu96 won by resignation"]

1. e4 c5 2. Nf3 d6 3. d4 Nf6 4.
Nc3 cxd4 5. Nxd4 Nc6 6. Bg5 e6 7. Qd2 Be7 8. O-O-O O-O 9. f4 d5 10. e5 Nd7 11. Bxe7 Qxe7 12. Nf3 Nb6 13. Bd3 Nb4 14. Ng5 h6 15. h4 Bd7 16. a3 Nc6 17. Qf2 f6 18. Nh7 fxe5 19. Nxf8 Rxf8 20. g3 Qf6 21.
Rhf1 e4 22. Be2 Na5 23. Qd4 Nac4 24. Bxc4 Nxc4 25. Nxe4 Qxd4 26. Rxd4 Ne3 27. Rf3 Nf5 28. Rfd3 dxe4 29. Rxe4 Rf7 30. h5 Bb5 31. Rd8+ Rf8 32. Rxf8+ Kxf8 33. g4 Ne7 34. Rxe6 Bd7 35. Re5 Bxg4 36.
Kd2 Kf7 37. Ra5 a6 38. Rc5 Bf3 39. Ke3 Bc6 40. c4 Kf6 41. Re5 Nf5+ 42. Kd2 g6 43.
hxg6 Kxg6 44. b4 h5 45. b5 axb5 46. cxb5 Bf3 47. Ke1 h4 48. Kf2 Bd1 49. Re6+ Kh5 50. Rb6 Kg4 51. Rxb7 h3 52. Rh7 Bf3 53. b6 Nh4 54.
Rxh4+ Kxh4 55. Kxf3 1-0